 Dungeon Crawl Stone Soup version 0.21.1-1-g345015f (webtiles) character file.

21 Iko the Ruffian (level 2, -2/23 HPs)
             Began as a Draconian Transmuter on June 20, 2018.
             Slain by an adder (5 damage)
             ... on level 3 of the Dungeon.
             The game lasted 00:02:27 (180 turns).

Iko the Ruffian (Draconian Transmuter)               Turns: 180, Time: 00:02:30

Health: -2/23      AC:  4    Str: 12    XL:     2   Next: 62%
Magic:  1/5        EV: 12    Int: 13    God:
Gold:   33         SH:  0    Dex: 11    Spells: 1/5 levels left

rFire    . . .     SeeInvis .   f - +0 club
rCold    . . .     Gourm    .   (no shield)
rNeg     . . .     Faith    .   (armour unavailable)
rPois    .         Spirit   .   (helmet restricted)
rElec    .         Reflect  .   (no cloak)
rCorr    .         Harm     .   (no gloves)
MR       .....                  (no boots)
Stlth    +.........             (no amulet)
HPRegen  0.07/turn              (no ring)
MPRegen  0.09/turn              (no ring)

@: lethally poisoned (-2 -> -9), very slightly contaminated
A: unfitting armour, cold-blooded, AC +4
a: no special abilities


You were on level 3 of the Dungeon.
You were not hungry.

You visited 1 branch of the dungeon, and saw 3 of its levels.

You collected 33 gold pieces.

Inventory:

Hand Weapons
 f - a +0 club (weapon)
Missiles
 a - 26 arrows
Potions
 e - a potion of flight {unknown}
Books
 b - a book of Changes

   Spells                             Type                      Level
   a - Beastly Appendage              Transmutation                1
   b - Sticks to Snakes               Transmutation                2
   c - Spider Form                    Transmutation/Poison         3
   d - Ice Form                       Ice/Transmutation            4
   e - Blade Hands                    Transmutation                5
 d - a book of Cantrips

   Spells                             Type                      Level
   a - Confusing Touch                Hexes                        1
   b - Animate Skeleton               Necromancy                   1
   c - Summon Small Mammal            Summoning                    1
   d - Apportation                    Translocation                1
Comestibles
 c - a ration


   Skills:
 + Level 1.1 Fighting
 + Level 1.8 Dodging
 + Level 3.5 Unarmed Combat
 + Level 2.2 Spellcasting
 + Level 2.3 Transmutations


You had one spell level left.
You knew the following spells:

 Your Spells              Type           Power        Failure   Level  Hunger
a - Beastly Appendage     Tmut           #.....       10%         1    ##.....
b - Sticks to Snakes      Tmut           #.......     14%         2    ###....
c - Confusing Touch       Hex            #.....       26%         1    ##.....


Dungeon Overview and Level Annotations

Branches:
Dungeon (3/15)

Altars:


Innate Abilities, Weirdness & Mutations

Your plain brown scales are hard. (AC +4)
You cannot fit into any form of body armour.
You are cold-blooded and may be slowed by cold attacks.


Message History

* * * LOW HITPOINT WARNING * * *
You feel sick.
Your ball python barely misses the adder.
Your ball python misses the adder.
The adder barely misses you.
Your ball python barely misses the adder.
Your ball python misses the adder.
You closely miss the adder.
* * * LOW HITPOINT WARNING * * *
You feel sick. The adder closely misses you.
Your ball python closely misses the adder. x2
The crimson imp blinks!
The adder closely misses you.
Your ball python closely misses the adder. x2
You barely miss the adder.
* * * LOW HITPOINT WARNING * * *
You feel sick. The adder barely misses you.
The worm barely misses your ball python.
Your ball python closely misses the adder.
Your ball python completely misses the adder.
The adder bites you.
You die...

.... #...g ##
#..<.. # #. #......
#. ##. .....5.
##.##..####ggg....
#........#.w#ยง....
#.........S.g.....
#........@S#......
#....<...### .....
#........# ....
#........# ..#
#........# ##
#........#
#........#
#..<.....#
##########


You could see a worm, a crimson imp, an adder, a hobgoblin, 3 goblins and a
friendly ball python.

Vanquished Creatures
  An adder (D:3)
  A dart slug (D:1)
  2 leopard geckos
  An orc (D:3)
  A giant cockroach (D:1)
  A goblin (D:2)
  A hobgoblin (D:1)
  A frilled lizard (D:1)
  A rat (D:2)
10 creatures vanquished.

Notes
Turn   | Place    | Note
-------+----------+-------------------------------------------
     0 | D:1      | Iko the Draconian Transmuter began the quest for the Orb.
     0 | D:1      | Reached XP level 1. HP: 16/16 MP: 3/3
    77 | D:1      | Reached XP level 2. HP: 18/23 MP: 5/5
    92 | D:1      | Learned a level 2 spell: Sticks to Snakes
   114 | D:2      | Learned a level 1 spell: Confusing Touch
   171 | D:3      | Noticed a crimson imp
   180 | D:3      | Slain by an adder

Action                   || total
-------------------------++-------
Melee: Unarmed           ||    24
       Tailslap          ||     3
       Punch             ||     1
       Club              ||    14
 Cast: Sticks to Snakes  ||     2
  Use: Scroll            ||     1
 Stab: Sleeping          ||     1
Armor: Skin              ||     6
Dodge: Dodged            ||    26
